 Dungeon Crawl Stone Soup version 0.30-a0-313-gae38170b09 (webtiles) character file.

Game seed: 17565158654804910122

4778 Kirkhe the Destroyer (level 10, -3/58 (63) HPs)
             Began as a Demonspawn Hedge Wizard on Oct 26, 2022.
             Slain by a wolf (9 damage)
             ... on level 8 of the Dungeon.
             The game lasted 00:26:52 (7973 turns).

Kirkhe the Destroyer (Demonspawn Hedge Wizard)      Turns: 7973, Time: 00:26:53

HP:   -3/58 (63)    AC: 11    Str: 11    XL:     10   Next: 23%
MP:   23/23         EV: 12    Int: 26    God:
Gold: 152           SH:  4    Dex: 12    Spells: 19/27 levels left

rFire   . . .      SeeInvis +    F - +1 dagger (venom)
rCold   . . .      Faith    .    (no shield)
rNeg    . . .      Spirit   .    b - +0 robe
rPois   .          Reflect  .    e - +1 helmet
rElec   .          Harm     .    (no cloak)
rCorr   .          Rampage  .    (no gloves)
Will    .....                    (no boots)
Stlth   ++........               C - amulet of magic regeneration
HPRegen 0.29/turn                y - +6 ring of intelligence
MPRegen 0.58/turn                f - ring of see invisible

@: on berserk cooldown, slowed, drained, very slow
A: thin metallic scales 2, icemail 1, condensation shield, demonic touch 2
a: no special abilities


You were on level 8 of the Dungeon.
You visited 2 branches of the dungeon, and saw 9 of its levels.

You collected 311 gold pieces.
You spent 159 gold pieces at shops.

Inventory:

Hand Weapons
 F - a +1 dagger of venom (weapon)
Armour
 b - a +0 robe (worn)
 c - a +0 hat
 e - a +1 helmet (worn)
 s - the +1 robe of Opiekkiq {Rampage +Blink Will+ Dex-2}
   (You bought it in a shop on level 4 of the Dungeon)

   Dex:       It affects your dexterity (-2).
   +Blink:    It lets you blink.
   Rampage:   It bestows one free step when moving towards enemies.
   Will:      It increases your willpower.
 H - the +1 robe of Beyond {*Corrode Str+9 Int+4}
   (You took it off an orc on level 6 of the Dungeon)

   Str:       It affects your strength (+9).
   Int:       It affects your intelligence (+4).
   *Corrode:  It may corrode you when you take damage.
Jewellery
 f - a ring of see invisible (right hand)
 k - a ring of protection from cold
 y - a +6 ring of intelligence (left hand)
 C - an amulet of magic regeneration (around neck)
 D - a ring of flight
Wands
 w - a wand of polymorph (8)
 J - a wand of iceblast (4)
Scrolls
 h - 3 scrolls of amnesia
 i - a scroll of enchant weapon
 j - a scroll of identify
 m - a scroll of noise {unknown}
 o - 4 scrolls of enchant armour
 p - 2 scrolls of teleportation
 x - a scroll of vulnerability {unknown}
 E - 2 scrolls of poison {unknown}
 G - a scroll of torment {unknown}
 I - 2 scrolls of fear {unknown}
Potions
 a - a potion of resistance
 d - 2 potions of magic
 g - 5 potions of brilliance
 l - a potion of ambrosia {unknown}
 n - a potion of mutation {unknown}
 q - a potion of invisibility
 r - 4 potions of lignification
 t - a potion of berserk rage
 u - a potion of curing
 v - a potion of haste {unknown}
 z - 2 potions of might {unknown}
 A - a potion of attraction {unknown}
 B - a potion of flight {unknown}


   Skills:
 - Level 1.7 Dodging
 - Level 1.7 Stealth
 + Level 9.3 Spellcasting
 + Level 10.7 Conjurations
 - Level 1.0 Summonings
 + Level 1.5 Translocations
 + Level 2.7 Air Magic
 + Level 2.5 Poison Magic
 + Level 0.9 Evocations


You had 19 spell levels left.
You knew the following spells:

 Your Spells              Type           Power      Damage    Failure   Level
a - Magic Dart            Conj           100%       1d8       1%          1
b - Blink                 Tloc           38%        N/A       4%          2
c - Cigotuvi's Dreadful   Necr/Pois/Air  42%        N/A       3%          2
d - Mephitic Cloud        Conj/Pois/Air  39%        N/A       1%          3

Your spell library contained the following spells:

 Spells                   Type           Power      Damage    Failure   Level
 Momentum Strike          Conj/Tloc      88%        3d10      1%          2
 Slow                     Hex            48%        N/A       4%          1
 Call Imp                 Summ           17%        N/A       4%          2
 Vhi's Electric Charge    Tloc/Air       46%        N/A       6%          3
 Lesser Beckoning         Tloc           38%        N/A       8%          3
 Arcjolt                  Conj/Air       23%        1d33      9%          5
 Ozocubu's Armour         Ice            12%        N/A       16%         3
 Metabolic Englaciation   Hex/Ice        6%         N/A       80%         5
 Simulacrum               Ice/Necr       6%         N/A       100%        6
 Maxwell's Capacitive Co  Air            13%        ∞         100%        8


Dungeon Overview and Level Annotations

Branches:
Dungeon (8/15)             Temple (1/1) D:6
   Lair: D:8-11

Altars:
Ashenzari
Cheibriados
Dithmenos
Fedhas
Gozag
Hepliaklqana
Kikubaaqudgha
Makhleb
Nemelex Xobeh
Okawaru
Qazlal
Ru
Sif Muna
Trog
Uskayaw
Wu Jian

Shops:
D:4 [

Portals:
Abyss: D:4

Annotations:
D:3 3 runed translucent doors, dcsswall's ghost, amateur BaHu
D:4 2 transporters, mertasd123's ghost, amateur GrMo
D:5 3 runed translucent doors, foxfromabyss's ghost, novice OgFi
D:7 2 transporters
D:8 Psyche


Innate Abilities, Weirdness & Mutations

You are mostly covered in thin metallic scales. (AC +3)
A meltable icy envelope protects you from harm. (AC +4)
A meltable shield of frost defends you. (SH +4)
Your touch may inflict irresistible damage on your foes.


Message History

Okay, then.
Unknown command.
Casting: Mephitic Cloud (safe; 1% risk of failure)
Confirm with . or Enter, or press ? or * to list all spells.
Aiming: Mephitic Cloud (safe; 1% risk of failure)
Press: ? - help, Shift-Dir - straight line
Okay, then.
A red film seems to cover your vision as you go berserk!
You feel yourself moving faster!
You feel mighty! You block the wolf's attack.
An orc wizard comes into view. It is wielding a +0 dagger.
You feel a strong urge to attack something.
The orc wizard shouts!
The hound bites you.
* * * LOW HITPOINT WARNING * * *
The wolf attacks as you move away! The wolf closely misses you.
An orc wizard comes into view. It is wielding a +0 dagger.
The orc wizard shouts!
You hear a shout!
An orc wizard comes into view. It is wielding a +0 dagger.
The orc wizard points at you and mumbles some strange words.
The magic dart hits you.
* * * LOW HITPOINT WARNING * * *
The hound barely misses you. The wolf bites you.
* * * LOW HITPOINT WARNING * * *
The wolf attacks as you move away! The wolf closely misses you.
You feel your anger nearly subside.
You are no longer berserk.
You are exhausted.
You feel yourself slow down. The wolf misses you. You block the wolf's attack.
An orc comes into view. It is wielding a +0 club.
The wolf barely misses you.
There is a stone staircase leading up here.
The wolf bites you.
* * * LOW HITPOINT WARNING * * *
The wolf closely misses you. The wight closely misses you.
The orc wizard mumbles some strange words.
The orc wizard flickers and vanishes for a moment.
The wolf bites you!
You die...

....###)@......#
####............ #..yoToh.....#
##......#.... ######o###...###
####o........
..........###...####......#.##..
....!.......o.......z?......# #.
~.~..~.....o......###.....#.....
~.(......#.#..............# #..
.~.~~~...#....###zh......... .
~~~~...#...##/o@h#..........#
~≈~S.....#######†#....##......
.~≈~S..## #...........### ≈≈
.......... .......### ..$......
...#.###.# .......


You could see a wolf, a hound, a wight, an orc wizard (invisible) and an orc.

Vanquished Creatures
  A slime creature (D:6)
  10 yaks
  A wyvern (D:8)
  3 orc warriors
  A sky beast (D:7)
  An ice beast (D:6)
  A black bear (D:8)
  3 wolves (D:8)
  2 ogres
  A centaur (D:8)
  A kobold brigand (D:8)
  2 necrophages
  A scorpion (D:5)
  2 wights (D:8)
  8 killer bees
  3 howler monkeys
  3 hounds
  12 jellies
  6 orc priests
  A gnoll bouda (D:6)
  2 iguanas
  Natasha (thrice) (D:2)
  An orc wizard (D:8)
  3 gnolls (D:6)
  10 adders
  6 shadow imps
  A white imp (D:8)
  4 ufetubi
  A worm (D:2)
  4 dart slugs
  15 orcs
  19 endoplasms
  5 giant cockroaches
  9 goblins
  5 hobgoblins
  13 jackals
  7 kobolds
  4 quokkas
  7 ball pythons
  3 bats
  8 frilled lizards
  6 rats
199 creatures vanquished.

Vanquished Creatures (collateral kills)
  A killer bee (D:8)
1 creature vanquished.

Vanquished Creatures (others)
  An orc (D:8)
  A quokka (D:8)
  6 fungi (D:6)
8 creatures vanquished.

Grand Total: 208 creatures vanquished

Notes
Turn   | Place    | Note
-------+----------+-------------------------------------------
     0 | D:1      | Kirkhe the Demonspawn Hedge Wizard began the quest for the
                  | Orb.
     0 | D:1      | Reached XP level 1. HP: 13/13 MP: 4/4
   156 | D:1      | Gained mutation: You are partially covered in thin metallic
                  | scales. (AC +2) [demonic ancestry]
   156 | D:1      | Reached XP level 2. HP: 18/19 MP: 0/6
   841 | D:1      | Reached XP level 3. HP: 24/24 MP: 8/8
   921 | D:2      | Learned a level 2 spell: Blink
  1102 | D:2      | Noticed Natasha
  1302 | D:2      | You fall into a shaft and drop 2 floors!
  1318 | D:3      | Reached skill level 2 in Conjurations
  1432 | D:3      | Found a sparkling altar of Nemelex Xobeh.
  1433 | D:3      | Found a sacrificial altar of Ru.
  1435 | D:3      | Found an ancient bone altar of Kikubaaqudgha.
  1497 | D:3      | Found a runed translucent gate.
  1497 | D:3      | Found a runed translucent gate.
  1497 | D:3      | Noticed dcsswall's ghost (amateur BaHu)
  1534 | D:3      | Found a runed translucent gate.
  1592 | D:3      | Gained mutation: Your touch may inflict minor irresistible
                  | damage on your foes. [demonic ancestry]
  1592 | D:3      | Reached XP level 4. HP: 30/30 MP: 2/10
  2439 | D:2      | Killed Natasha
  2439 | D:2      | Noticed Natasha
  2440 | D:2      | Reached skill level 3 in Conjurations
  2447 | D:2      | Killed Natasha
  2529 | D:2      | Noticed Natasha
  2620 | D:2      | Killed Natasha
  2621 | D:2      | Gained mutation: A meltable shield of frost defends you.
                  | (SH +4) [demonic ancestry]
  2621 | D:2      | Reached XP level 5. HP: 35/35 MP: 11/11
  3436 | D:4      | Learned a level 2 spell: Cigotuvi's Dreadful Rot
  3440 | D:4      | Learned a level 3 spell: Mephitic Cloud
  3443 | D:4      | Noticed an ogre
  3531 | D:4      | Noticed a small abomination
  3551 | D:4      | Noticed a small abomination
  3559 | D:4      | Noticed a toenail golem
  3619 | D:4      | Reached skill level 5 in Spellcasting
  3619 | D:4      | Reached skill level 4 in Conjurations
  3619 | D:4      | Reached XP level 6. HP: 17/41 MP: 0/13
  3884 | D:4      | Found a transporter.
  3898 | D:4      | Found a transporter.
  3911 | D:4      | Found a one-way gate to the infinite horrors of the Abyss.
  3911 | D:4      | Noticed mertasd123's ghost (amateur GrMo)
  3961 | D:4      | Found Suzus's Antique Armour Boutique.
  4032 | D:4      | Bought a sheer robe for 159 gold pieces
  4032 | D:4      | Identified the +1 robe of Opiekkiq {Rampage +Blink Will+
                  | Dex-2} (You bought it in a shop on level 4 of the Dungeon)
  4344 | D:5      | Entered Level 5 of the Dungeon
  4348 | D:5      | Found a burning altar of Makhleb.
  4368 | D:5      | Reached skill level 5 in Conjurations
  4413 | D:5      | Gained mutation: Your touch may inflict irresistible damage
                  | on your foes. [demonic ancestry]
  4413 | D:5      | Reached XP level 7. HP: 28/46 MP: 8/15
  4567 | D:5      | Found a shadowy altar of Dithmenos.
  4707 | D:5      | Found a runed translucent gate.
  4734 | D:5      | Found a runed translucent gate.
  4734 | D:5      | Found a runed translucent gate.
  4793 | D:5      | Reached skill level 6 in Conjurations
  4873 | D:5      | Noticed foxfromabyss's ghost (novice OgFi)
  5152 | D:6      | Noticed a yak
  5152 | D:6      | Noticed a yak
  5152 | D:6      | Noticed a yak
  5152 | D:6      | Noticed a yak
  5152 | D:6      | Noticed a yak
  5152 | D:6      | Noticed a yak
  5437 | D:6      | Reached XP level 8. HP: 48/52 MP: 8/17
  5459 | D:6      | Identified the +1 robe of Beyond {*Corrode Str+9 Int+4}
  5501 | D:6      | Reached skill level 7 in Conjurations
  5621 | D:6      | Found a staircase to the Ecumenical Temple.
  5644 | D:6      | Reached skill level 1 in Translocations
  5695 | Temple   | Entered the Ecumenical Temple
  5695 | Temple   | Found a transporter.
  5695 | Temple   | Found a transporter.
  5697 | Temple   | Found a transporter.
  5697 | Temple   | Found a transporter.
  5868 | D:6      | Reached skill level 1 in Poison Magic
  5881 | D:6      | Reached skill level 8 in Conjurations
  5888 | D:6      | Reached skill level 1 in Air Magic
  5910 | D:6      | Gained mutation: A meltable icy envelope protects you from
                  | harm. (AC +4) [demonic ancestry]
  5910 | D:6      | Reached XP level 9. HP: 24/57 MP: 15/20
  6088 | D:6      | Reached skill level 9 in Conjurations
  6804 | D:7      | Found a transporter.
  7061 | D:7      | Reached skill level 10 in Conjurations
  7327 | D:7      | Found a transporter.
  7512 | D:8      | Gained mutation: You are mostly covered in thin metallic
                  | scales. (AC +3) [demonic ancestry]
  7512 | D:8      | Reached XP level 10. HP: 39/63 MP: 18/23
  7512 | D:8      | Noticed Psyche
  7973 | D:8      | Slain by a wolf

Illustrated notes

Levels and vault maps discovered:
D:1:      eino_arrival_cavern_a, layout_rooms, hangedman_decor_riveting
D:2:      minmay_chambers_of_ones, layout_rooms, due_unseen_surprise,
          uniq_natasha
D:3:      layout_basic, gammafunk_temple_overflow_forgotten,
          gammafunk_ghost_split, kennysheep_decorative_pillar
D:4:      cheibrodos_helix_gallery, layout_rooms,
          gammafunk_ghost_abyssal_escape, serial_shops,
          nicolae_shop_window_shopping
D:5:      layout_rooms, nicolae_dithmenos_shadow_blocks, amcnicky_altar_gilded,
          gammafunk_ghost_icy
D:6:      lemuel_slime, layout_cave_pods, minmay_temple_entry_grid,
          minmay_circle_x
D:7:      gammafunk_cloud_chamber, layout_loops_ring
D:8:      layout_rooms, chequers_temple_overflow_statue_of_worship,
          elyvilon_altar_4, erik_lair_island, kb_lookout_dungeons_type,
          kennysheep_generic_room_11, uniq_psyche, uniq_erica
Temple:   hellmonk_temple_divided_pantheon

Skill      XL: |  1  2  3  4  5  6  7  8  9 |
---------------+----------------------------+-----
Spellcasting   | 4 5 6 7 9 |  9.3
Conjurations   | 2 3 4 5 6 8 10 | 10.7
Translocations | 1 |  1.5
Poison Magic   | 1 2 |  2.5
Air Magic      | 1 2 |  2.7
Dodging        | |  1.7
Stealth        | |  1.7
Summonings     | |  1.0
Evocations     | |  0.9

Action                   |  1- 3 |  4- 6 |  7- 9 | 10-12 || total
-------------------------+-------+-------+-------+-------++-------
Melee: Dagger            |    44 |    40 |    84 |    29 ||   197
       Unarmed           |       |     8 |       |       ||     8
       Touch             |       |     6 |    26 |     8 ||    40
       Punch             |       |       |     4 |       ||     4
 Cast: Magic Dart        |    95 |   172 |   292 |    32 ||   591
       Mephitic Cloud    |       |       |    19 |    11 ||    30
       Cigotuvi's Dreadf |       |       |     5 |     1 ||     6
       Blink             |       |       |     1 |     1 ||     2
Evoke: Wand              |       |       |       |     4 ||     4
  Use: Potion            |     2 |       |     2 |     3 ||     7
       Scroll            |     2 |     3 |     6 |     2 ||    13
 Stab: Sleeping          |     1 |       |       |       ||     1
       Confused          |       |       |     4 |     2 ||     6
Armor: Robe              |    17 |    18 |    39 |    24 ||    98
       Skin              |       |     1 |       |       ||     1
Dodge: Dodged            |    39 |    65 |    71 |    46 ||   221
Block: Other             |       |    10 |     8 |     9 ||    27

Table legend: (Time is in decaauts)
 A = Elapsed time spent in this place.
 B = Non-inter-level travel time spent in this place.
 C = Inter-level travel time spent in this place.
 D = Time resting spent in this place.
 E = Time spent auto-exploring this place.
 F = Levels seen in this place.
 G = Mean time per level.
                   A        B        C        D        E       F      G
               +--------+--------+--------+--------+--------+-----+--------+
         Total |   7956 |   7576 |    380 |   1353 |   4535 |   9 |  884.0 |
       Dungeon |   7920 |   7547 |    373 |   1353 |   4535 |   8 |  990.0 |
        Temple |     35 |     28 |      7 |      0 |      0 |   1 |   35.0 |
               +--------+--------+--------+--------+--------+-----+--------+

Top non-repeatable levels by time:
     D:6: 1426 daAuts
     D:2: 1358 daAuts
     D:3: 1257 daAuts
     D:7: 1129 daAuts
     D:1: 916 daAuts
     D:5: 842 daAuts
     D:4: 796 daAuts
     D:8: 193 daAuts
  Temple: 35 daAuts
